 Dungeon Crawl Stone Soup version 0.21.1-1-g345015f (webtiles) character file.

69 Mesmaeker13 the Charmwright (level 3, -2/30 HPs)
             Began as a Demigod Skald on Mar 1, 2018.
             Killed from afar by wilfster70's ghost (7 damage)
             ... with a magic dart
             ... on level 3 of the Dungeon.
             The game lasted 00:04:29 (1891 turns).

Mesmaeker13 the Charmwright (Demigod Skald)         Turns: 1891, Time: 00:04:29

Health: -2/30      AC:  7    Str: 16    XL:     3   Next: 75%
Magic:  8/8        EV: 11    Int: 17    God:
Gold:   79         SH:  0    Dex: 15    Spells: 4/5 levels left

rFire    . . .     SeeInvis .   a - +0 falchion
rCold    . . .     Gourm    .   (no shield)
rNeg     . . .     Faith    .   g - +0 ring mail
rPois    .         Spirit   .   b - +0 helmet
rElec    .         Reflect  .   k - +0 cloak
rCorr    .         Harm     .   (no gloves)
MR       .....                  (no boots)
Stlth    +.........             (no amulet)
HPRegen  0.10/turn              (no ring)
MPRegen  0.11/turn              (no ring)

@: no status effects
A: high mp 1
a: no special abilities


You were on level 3 of the Dungeon.
You were not hungry.

You visited 1 branch of the dungeon, and saw 3 of its levels.

You collected 79 gold pieces.

Inventory:

Hand Weapons
 a - a +0 falchion (weapon)
Armour
 b - a +0 helmet (worn)
 g - a +0 ring mail (worn)
 k - a +0 cloak (worn)
Jewellery
 j - a cursed ring of ice {unknown}
Scrolls
 e - a scroll of remove curse {unknown}
 f - a scroll of immolation {unknown}
 i - a scroll of identify {unknown}
Potions
 h - 2 potions of curing {unknown}
Books
 c - a book of Battle

   Spells                             Type                      Level
   a - Infusion                       Charms                       1
   b - Shroud of Golubria             Charms/Translocation         2
   c - Song of Slaying                Charms                       2
   d - Spectral Weapon                Hexes/Charms                 3
   e - Regeneration                   Charms/Necromancy            3
Comestibles
 d - 3 rations


   Skills:
 + Level 2.5 Fighting
 + Level 2.4 Long Blades
 + Level 1.8 Armour
 - Level 1.7 Dodging
 - Level 1.7 Spellcasting
 + Level 3.2 Charms


You had 4 spell levels left.
You knew the following spells:

 Your Spells              Type           Power        Failure   Level  Hunger
a - Infusion              Chrm           ##..         10%         1    #......


Dungeon Overview and Level Annotations

Branches:
Dungeon (3/15)

Annotations:
D:2 Sigmund
D:3 wilfster70's ghost, amateur TrWz


Innate Abilities, Weirdness & Mutations

You have an increased reservoir of magic. (+10% MP)


Message History

You hit wilfster70's ghost but do no damage.
Wilfster70's ghost is moderately damaged.
Wilfster70's ghost completely misses you.
You hit wilfster70's ghost.
Wilfster70's ghost is moderately damaged.
Wilfster70's ghost closely misses you.
You hit wilfster70's ghost.
Wilfster70's ghost is moderately damaged.
Wilfster70's ghost gestures at you while chanting.
The magic dart hits you! Wilfster70's ghost hits you.
You hit wilfster70's ghost but do no damage.
Wilfster70's ghost is moderately damaged.
Wilfster70's ghost whispers, "It is all a dream - a grotesque and foolish dream."
Wilfster70's ghost hits you.
Wilfster70's ghost points at you and mumbles some strange words.
The magic dart hits you!
* * * LOW HITPOINT WARNING * * *
Wilfster70's ghost gestures at you while chanting.
The magic dart hits you!
You die...

##.....## # ###....####...
##.#......### ##
#####..<.######. ##.
................#..
####....#....###..
##..#..###..##.#
#...##..()).##.###########
###.#.#######...@..W.%......
..(.#.# ##...##########.
####### ##....... .........
#..####### ...# .... ...#


You could see wilfster70's ghost.

Vanquished Creatures
  An adder (D:2)
  3 oozes
  A worm (D:3)
  A leopard gecko (D:1)
  3 hobgoblins
  11 jackals (D:1)
  4 kobolds
  A quokka (D:2)
  5 bats
  5 frilled lizards
  2 goblins
  8 rats
45 creatures vanquished.

Notes
Turn   | Place    | Note
-------+----------+-------------------------------------------
     0 | D:1      | Mesmaeker13 the Demigod Skald began the quest for the Orb.
     0 | D:1      | Reached XP level 1. HP: 17/17 MP: 5/5
    45 | D:1      | Reached skill level 1 in Armour
   280 | D:1      | Reached XP level 2. HP: 22/24 MP: 7/7
   838 | D:1      | Reached skill level 3 in Charms
   999 | D:1      | Reached XP level 3. HP: 25/29 MP: 8/8
  1143 | D:2      | Noticed Sigmund
  1874 | D:3      | Noticed wilfster70's ghost (amateur TrWz)
  1891 | D:3      | Killed from afar by wilfster70's ghost

Skill      XL: |  1  2 |
---------------+-------+-----
Armour         | 1 |  1.8
Fighting       | 2 |  2.5
Long Blades    | 2 |  2.4
Charms         | 3 |  3.2
Dodging        | |  1.7
Spellcasting   | |  1.7

Action                   || total
-------------------------++-------
Melee: Falchion          ||   170
  Eat: Chunk             ||     3
Armor: Ring mail         ||    53
       Leather armour    ||     1
Dodge: Dodged            ||   130
       Rpst.: Falchion   ||    36
